 Dungeon Crawl Stone Soup version bcrawl-1.21.3 (webtiles) character file.

Game seed: 12644179796409507182

1433 funkygono the Thaumaturge (level 8, -8/47 HPs)
             Began as a Fairy Wizard on Apr 2, 2020.
             Killed from afar by a steam dragon (15 damage)
             ... with a ball of steam
             ... on level 6 of the Dungeon.
             The game lasted 00:15:18 (5052 turns).

funkygono the Thaumaturge (Fairy Wizard)            Turns: 5052, Time: 00:15:19

Health: -8/47      AC:  6    Str:  5    XL:     8   Next: 73%
Magic:  22/22      EV: 17    Int: 29    God:
Gold:   168        SH:  5    Dex: 11    Spells: 15/24 levels left

rFire    . . .     SeeInvis .   p - +4 dagger (freeze)
rCold    . . .     Gourm    .   (shield restricted)
rNeg     . . .     Faith    .   (armour unavailable)
rPois    .         Spirit   .   b - +1 hat
rElec    .         Reflect  .   (no cloak)
rCorr    .         Harm     .   (no gloves)
MR       .....                  (no boots)
Stlth    +.........             (no amulet)
HPRegen  0.15/turn              l - ring of wizardry
MPRegen  0.18/turn              (no ring)

@: brilliant, flying evasively
A: small, magic attunement, unstealthy, unfitting armour, able to fly, AC/SH +5
a: Stop Flying


You were on level 6 of the Dungeon.
You were not hungry.

You visited 1 branch of the dungeon, and saw 6 of its levels.

You collected 168 gold pieces.

Inventory:

Hand Weapons
 a - a +0 staff
 m - a +1 short sword
 p - a +4 dagger of freezing (weapon)
Missiles
 c - 1127 stones (quivered)
Armour
 b - a +1 hat (worn)
Jewellery
 l - a ring of wizardry (left hand)
 s - an uncursed amulet of guardian spirit
Scrolls
 g - 2 scrolls of teleportation
 h - a scroll of fear
 o - a scroll of remove curse
Potions
 f - a potion of haste
 j - a potion of lignification {unknown}
 k - 3 potions of curing
 n - a potion of flight
 q - a potion of berserk rage {unknown}
 r - a potion of cancellation
Comestibles
 e - 11 rations {!d}
 i - 9 chunks of flesh


   Skills:
 + Level 0.4 Fighting
 + Level 0.8 Short Blades
 + Level 4.0 Dodging
 + Level 2.1 Stealth
 + Level 8.7 Spellcasting
 + Level 6.1 Conjurations
   Level 1.1 Summonings
 + Level 1.1 Translocations
 + Level 3.1 Fire Magic
 + Level 3.9 Air Magic
 + Level 3.3 Poison Magic


You had 15 spell levels left.
You knew the following spells:

 Your Spells              Type           Power        Failure   Level  Hunger
a - Magic Dart            Conj           ####         1%          1    None
b - Blink                 Tloc           N/A          1%          2    None
c - Mephitic Cloud        Conj/Pois/Air  ######..     1%          3    None
d - Conjure Flame         Conj/Fire      ######..     1%          3    None

Your spell library contained the following spells:

 Spells                   Type           Power        Failure   Level  Hunger
 Call Imp                 Summ           #####.       1%          2    None
 Spider Form              Tmut/Pois      ###          1%          3    None


Dungeon Overview and Level Annotations

Branches:
Dungeon (6/12)
 Temple: D:4-7

Altars:
Cheibriados
Hepliaklqana
Ru
Wu Jian


Innate Abilities, Weirdness & Mutations

Your spells do not cause hunger and MP costs are reduced by 1.
Your bright wings attract enemies. (Stealth-)
You cannot fit into any form of body armour.
Your shimmering scales are hard and can block incoming attacks. (AC +5, SH +5)
You are small and have problems with some larger weapons.
You can fly continuously.


Message History

The steam dragon claws you but does no damage.
Casting: Magic Dart (safe; 1% risk of failure)
Confirm with . or Enter, or press ? or * to list all spells.
Aiming: Magic Dart (safe; 1% risk of failure)
Press: ? - help, Shift-Dir - straight line, f/p - steam dragon
Aim: a steam dragon (moderately wounded)
The magic dart hits the steam dragon.
The steam dragon is heavily wounded.
The steam dragon closely misses you. The steam dragon claws you.
* * * LOW HITPOINT WARNING * * *
Casting: Magic Dart (safe; 1% risk of failure)
Confirm with . or Enter, or press ? or * to list all spells.
Aiming: Magic Dart (safe; 1% risk of failure)
Press: ? - help, Shift-Dir - straight line, f/p - steam dragon
Aim: a steam dragon (heavily wounded)
The magic dart hits the steam dragon but does no damage.
The steam dragon is heavily wounded.
The steam dragon breathes steam at you. The ball of steam hits you!
You die...

....... #
##.#.###
#.##......#.#.
#....l..#.....
####......#
##.#####..
#5.......
#D####### #@#
#.# #.# #.#
#.# ###.#
#...# #.###
#.#


You could see a steam dragon, a crimson imp and a leopard gecko.

Vanquished Creatures
  A water moccasin (D:5)
  An ice beast (D:5)
  A black bear (D:6)
  A sky beast (D:5)
  An ogre (D:4)
  A bullfrog (D:5)
  A scorpion (D:3)
  4 crimson imps (D:5)
  A centaur skeleton (D:5)
  2 orc priests (D:4)
  A hound (D:6)
  Terence (D:2)
  4 orc wizards
  5 worker ants
  A killer bee zombie (D:6)
  Robin (D:2)
  A howler monkey zombie (D:5)
  7 gnolls
  A howler monkey skeleton (D:5)
  9 adders
  5 worms
  5 dart slugs
  6 leopard geckos
  21 orcs
  5 bats
  A giant cockroach (D:1)
  14 hobgoblins
  4 jackals (D:3)
  6 quokkas
  2 ball pythons
  4 frilled lizards
  13 goblins
  10 kobolds
  A quokka skeleton (D:4)
  8 rats
150 creatures vanquished.

Notes
Turn   | Place    | Note
-------+----------+-------------------------------------------
     0 | D:1      | funkygono the Fairy Wizard began the quest for the Orb.
     0 | D:1      | Reached XP level 1. HP: 11/11 MP: 7/7
   156 | D:1      | Reached XP level 2. HP: 17/17 MP: 9/9
   195 | D:1      | Learned a level 2 spell: Blink
   583 | D:2      | Reached skill level 5 in Spellcasting
   673 | D:2      | Reached XP level 3. HP: 21/21 MP: 11/11
   722 | D:2      | HP: 1/21 [gnoll/+1 spear of distortion (7)]
  1274 | D:2      | Reached XP level 4. HP: 27/27 MP: 11/13
  1286 | D:1      | Learned a level 3 spell: Mephitic Cloud
  1750 | D:2      | Reached XP level 5. HP: 31/31 MP: 12/15
  1800 | D:2      | Noticed Robin
  1837 | D:2      | Killed Robin
  1837 | D:2      | Reached skill level 6 in Spellcasting
  1910 | D:2      | Found a hazy altar of Hepliaklqana.
  2022 | D:2      | Noticed Terence
  2041 | D:2      | Killed Terence
  2041 | D:2      | Reached skill level 1 in Air Magic
  2049 | D:2      | Found an ornate altar of the Wu Jian Council.
  2081 | D:2      | Learned a level 3 spell: Conjure Flame
  2159 | D:3      | Reached skill level 1 in Poison Magic
  2177 | D:3      | Found a snail-covered altar of Cheibriados.
  2317 | D:3      | Reached XP level 6. HP: 36/36 MP: 12/17
  2378 | D:3      | Found a faded altar of an unknown god.
  2433 | D:3      | Reached skill level 1 in Fire Magic
  2974 | D:4      | Found a sacrificial altar of Ru.
  3067 | D:4      | Reached XP level 7. HP: 24/42 MP: 19/19
  3641 | D:4      | Reached skill level 7 in Spellcasting
  4067 | D:5      | Entered Level 5 of the Dungeon
  4370 | D:5      | Reached XP level 8. HP: 47/47 MP: 21/21
  4538 | D:5      | Reached skill level 8 in Spellcasting
  4538 | D:5      | Reached skill level 5 in Conjurations
  5052 | D:6      | Killed from afar by a steam dragon

Skill      XL: |  1  2  3  4  5  6  7  8 |
---------------+-------------------------+-----
Spellcasting   | 5 6 7 8 |  8.7
Dodging        | 3 4 |  4.0
Conjurations   | 2 3 4 6 |  6.1
Air Magic      | 1 2 3 |  3.9
Poison Magic   | 1 2 3 |  3.3
Fire Magic     | 1 3 |  3.1
Stealth        | 2 |  2.1
Fighting       | |  0.4
Short Blades   | |  0.8
Summonings     | |  1.1
Translocations | |  1.1

Action                   |  1- 3 |  4- 6 |  7- 9 || total
-------------------------+-------+-------+-------++-------
Melee: Staff             |       |     2 |       ||     2
       Dagger            |       |     2 |     6 ||     8
 Cast: Magic Dart        |   111 |   213 |   220 ||   544
       Mephitic Cloud    |       |    13 |    10 ||    23
       Conjure Flame     |       |     1 |       ||     1
       Blink             |       |     1 |       ||     1
  Use: Scroll            |     4 |    10 |     2 ||    16
       Potion            |       |       |     2 ||     2
  Eat: Chunk             |     1 |     5 |     6 ||    12
Armor: Skin              |     8 |    12 |    17 ||    37
Dodge: Dodged            |    39 |    65 |    57 ||   161
Block: Other             |     5 |    16 |    14 ||    35
